Oilers vs Flames

Created - September-06-13 at 18:35

Simulating a Pre-Season

Goals
1 2 3 OT1 SO T
Oilers 1 0 1 0 1 2
Flames 1 0 1 0 2 3
Shots
1 2 3 OT1 SO T
Oilers 6 6 9 0 3 21
Flames 10 8 12 2 3 32

1st period

1. Oilers , Ruslan Fedotenko 1 (Justin Schultz, Derek Roy) at 12:25
2. Flames , Mike Cammalleri 1 (Tomas Kopecky) at 15:00

Penalties :
Andrew MacDonald (CGY) for Roughing (Minor) at 3:42, Chris Phillips (EDM) for Hooking (Minor) at 8:29

2nd period

No Goal

Penalties :
Sheldon Souray (EDM) for Hooking (Minor) at 3:10, Bryce Salvador (CGY) for Hooking (Minor) at 5:31, Colin McDonald (EDM) for Hooking (Minor) at 7:51, Sheldon Souray (EDM) for High sticking (Minor) at 10:00, Ryan Kesler (CGY) for High sticking (Minor) at 14:56, Jack Johnson (CGY) for Slashing (Minor) at 19:56

3rd period

3. Oilers , David Backes 1 (Jakub Voracek) at 1:47 (PP)
4. Flames , Michael Ryder 1 (Erik Johnson, Ryan Kesler) at 10:58

Penalties :
Ruslan Fedotenko (EDM) for Interference (Minor) at 4:12, Andrew MacDonald (CGY) for Fighting (Major) at 7:07, Derek Roy (EDM) for Fighting (Major) at 7:07, Jack Johnson (CGY) for Holding Stick (Minor) at 12:46, Jack Johnson (CGY) for Roughing (Minor) at 16:53, Colin McDonald (EDM) for Holding (Minor) at 16:53

Overtime #1

No Goal

Penalties :
No Penalty

Shootout

Penalty Shot by David Backes for Oilers - Shot Misses the Net
Penalty Shot by Dustin Brown for Flames - Stopped by Kari Lehtonen
Penalty Shot by Jakub Voracek for Oilers - Goal!
Penalty Shot by Michael Ryder for Flames - Goal!
Penalty Shot by Derek Roy for Oilers - Stopped by Jonathan Quick
Penalty Shot by Michael Grabner for Flames - Goal!

Penalties :
No Penalty

Goalie Stats

Kari Lehtonen (EDM), 30 saves from 32 shots - (0.938), OTL, 0-0-1, 65:00 minutes
Jonathan Quick (CGY), 19 saves from 21 shots - (0.905), W, 1-0-0, 65:00 minutes

Players Stats for Oilers

Player Name              G  A  P  +/- PIM S  H  SB GA TA FO     MP     PP MP  PK MP  
------------------------------------------------------------------------------------
Brian Flynn              0  0  0  -1  0   1  0  0  0  0  5/10   10:47   0:00   0:00 
Chris Mueller            0  0  0  -1  0   0  0  0  0  0  0/0     7:21   0:00   0:00 
Chris Phillips           0  0  0   0  2   1  2  1  0  0  0/0    25:42   5:37   3:35 
Colin McDonald           0  0  0  -1  4   0  1  0  0  0  0/1     8:57   0:00   0:00 
Daniel Bang              0  0  0  -1  0   0  0  0  0  0  0/1     7:21   0:00   0:00 
David Backes             1  0  1   0  0   3  4  0  0  0  17/34  25:10   5:46   5:04 
Derek Roy                0  1  1   1  5   3  1  0  0  0  14/23  20:35   4:01   3:45 
Drew Miller              0  0  0  -1  0   0  0  0  0  0  2/3    10:37   0:00   1:38 
Dustin Jeffrey           0  0  0  -1  0   0  0  0  0  0  5/7     7:52   0:00   0:31 
Erik Gustafsson          0  0  0  -2  0   1  0  2  0  0  0/0    20:00   5:37   3:44 
Jakub Voracek            0  1  1   0  0   5  0  0  0  0  2/3    25:13   5:46   5:07 
Jeff Schultz             0  0  0  -2  0   0  5  1  0  0  0/0    19:30   0:00   4:22 
Jochen Hecht             0  0  0   1  0   0  0  0  0  0  1/1    15:33   4:01   0:00 
Justin Schultz           0  1  1   1  0   1  0  0  0  0  0/0    18:11   4:10   0:22 
Maxime Talbot            0  0  0   0  0   1  1  0  0  0  0/1    23:04   5:46   3:45 
Ruslan Fedotenko         1  0  1   1  2   1  2  0  0  0  0/0    15:32   4:01   0:00 
Scott Hannan             0  0  0   0  0   0  1  4  0  0  0/0    22:45   0:00   4:38 
Sheldon Souray           0  0  0   1  4   4  2  2  0  0  0/0    23:49   4:10   3:09 

Players Stats for Flames

Player Name              G  A  P  +/- PIM S  H  SB GA TA FO     MP     PP MP  PK MP  
------------------------------------------------------------------------------------
Andrew MacDonald         0  0  0   1  7   0  2  4  0  0  0/0    24:37   4:21   4:32 
Anze Kopitar             0  0  0   0  0   2  0  0  0  0  13/28  23:50   4:55   0:00 
Bryce Salvador           0  0  0   1  2   1  1  2  0  0  0/0    21:52   0:00   4:02 
Cory Conacher            0  0  0   0  0   0  0  0  0  0  0/6     3:40   0:00   0:00 
Dustin Brown             0  0  0   0  0   4  3  0  0  0  0/0    26:33   4:55   2:43 
Erik Johnson             0  1  1   1  0   1  0  1  0  0  0/0    25:10   5:34   2:41 
Jack Johnson             0  0  0   1  6   1  1  0  0  0  0/0    24:04   5:34   2:43 
Jake Gardiner            0  0  0   0  0   0  0  0  0  0  0/0     8:40   4:21   1:09 
Jeff Skinner             0  0  0   0  0   4  0  0  0  0  0/1    21:58   4:55   0:13 
Ladislav Smid            0  0  0  -1  0   1  1  1  0  0  0/0    14:59   0:00   4:27 
Michael Grabner          0  0  0   0  0   5  0  0  0  0  1/1    17:21   5:00   0:00 
Michael Ryder            1  0  1   0  0   3  0  0  0  0  0/0    17:21   5:00   0:00 
Mike Cammalleri          1  0  1   1  0   3  0  0  0  0  1/3    10:38   0:00   2:43 
Pierre-Marc Bouchard     0  0  0   0  0   1  0  0  0  0  0/0     4:19   0:00   0:39 
Ryan Kesler              0  1  1   0  2   5  5  0  0  0  14/24  19:47   5:00   0:00 
Shawn Horcoff            0  0  0   1  0   1  1  0  0  0  9/20   14:20   0:00   6:25 
Tomas Kopecky            0  1  1   1  0   0  2  0  0  0  0/1    18:26   0:00   6:51 
Toni Lydman              0  0  0  -1  0   0  1  0  0  0  0/0    10:32   0:00   0:00 

3 Stars

1 - David Backes (EDM)
2 - Mike Cammalleri (CGY)
3 - Kari Lehtonen (EDM)

Power Play

Oilers - 1 on 5 Attempt(s) - 20.00%
Flames - 0 on 5 Attempt(s) - 0.00%

Penalty Kill

Oilers - 5 on 5 Attempt(s) - 100.00% - Score 0 goal in Penalty Kill
Flames - 4 on 5 Attempt(s) - 80.00% - Score 0 goal in Penalty Kill

Official

Referees : Don VanMassenhoven and Chris Lee
Linesman : Bryan Pancich and Derek Nansen

Game Notes

Andrew MacDonald and Derek Roy fight to a draw at 7:07 of 3rd period

% Time on Ice - Oilers

Lines # - Real PCT - Wanted PCT - Time Play
Normal Forward
1 - 27% - 40% - 10:27
2 - 30% - 30% - 11:32
3 - 23% - 20% - 8:59
4 - 19% - 10% - 7:21
Normal Defense
1 - 37% - 40% - 14:01
2 - 36% - 32% - 13:39
3 - 25% - 22% - 9:34
4 - 3% - 6% - 1:05
PP Forward
1 - 59% - 60% - 5:46
2 - 41% - 40% - 4:01
PP Defense
1 - 43% - 60% - 4:10
2 - 57% - 40% - 5:37
PK Forward
1 - 62% - 60% - 6:10
2 - 38% - 40% - 3:45
PK Defense
1 - 66% - 60% - 6:34
2 - 34% - 40% - 3:21
PK3 Forward
1 - 0% - 60%
2 - 0% - 40%
PK3 Defense
1 - 0% - 60%
2 - 0% - 40%
44 Forward
1 - 56% - 60% - 3:53
2 - 44% - 40% - 3:06
44 Defense
1 - 41% - 60% - 2:53
2 - 59% - 40% - 4:06
Last Minute Offensive  - 0:00
Last Minute Defensive  - 0:00
Total
Forward - 65:00
Defense - 65:00

% Time on Ice - Flames

Lines # - Real PCT - Wanted PCT - Time Play
Normal Forward
1 - 38% - 40% - 14:23
2 - 32% - 30% - 12:21
3 - 21% - 20% - 7:55
4 - 10% - 10% - 3:40
Normal Defense
1 - 38% - 40% - 14:27
2 - 35% - 30% - 13:20
3 - 20% - 20% - 7:49
4 - 7% - 10% - 2:43
PP Forward
1 - 50% - 60% - 4:55
2 - 50% - 40% - 5:00
PP Defense
1 - 56% - 60% - 5:34
2 - 44% - 40% - 4:21
PK Forward
1 - 72% - 60% - 7:04
2 - 28% - 40% - 2:43
PK Defense
1 - 55% - 60% - 5:20
2 - 45% - 40% - 4:27
PK3 Forward
1 - 0% - 60%
2 - 0% - 40%
PK3 Defense
1 - 0% - 60%
2 - 0% - 40%
44 Forward
1 - 65% - 60% - 4:32
2 - 35% - 40% - 2:27
44 Defense
1 - 49% - 60% - 3:24
2 - 51% - 40% - 3:35
Last Minute Offensive  - 0:00
Last Minute Defensive  - 0:00
Total
Forward - 65:00
Defense - 65:00

Play by Play

1st period


0:01 of 1st period - David Backes wins face-off versus Anze Kopitar in neutral zone.
1:05 of 1st period - Icing by Andrew MacDonald.
1:06 of 1st period - Anze Kopitar wins face-off versus Brian Flynn in Flames zone.
1:19 of 1st period - Off-side.
1:20 of 1st period - Ryan Kesler wins face-off versus Derek Roy in neutral zone.
1:29 of 1st period - Shot by Michael Ryder.
1:29 of 1st period - Shot Misses the Net.
1:31 of 1st period - Shot by Michael Grabner.
1:31 of 1st period - Shot Misses the Net.
1:33 of 1st period - Shot by Michael Grabner.
1:33 of 1st period - Stopped by Kari Lehtonen without a rebound.
1:34 of 1st period - Shawn Horcoff wins face-off versus Dustin Jeffrey in Oilers zone.
2:57 of 1st period - Shot by Derek Roy.
2:57 of 1st period - Shot Misses the Net.
2:59 of 1st period - Shot by Derek Roy.
2:59 of 1st period - Stopped by Jonathan Quick without a rebound.
3:00 of 1st period - Brian Flynn wins face-off versus Anze Kopitar in Flames zone.
3:42 of 1st period - Minor Penalty to Andrew MacDonald for Roughing.
3:43 of 1st period - Shawn Horcoff wins face-off versus Jakub Voracek in Flames zone.
4:39 of 1st period - Icing by Chris Phillips.
4:40 of 1st period - Derek Roy wins face-off versus Mike Cammalleri in Oilers zone.
7:10 of 1st period - Shot by Dustin Brown.
7:10 of 1st period - Shot Misses the Net.
7:20 of 1st period - Shot by Maxime Talbot.
7:20 of 1st period - Shot Misses the Net.
7:22 of 1st period - Shot by Maxime Talbot.
7:22 of 1st period - Stopped by Jonathan Quick without a rebound.
7:23 of 1st period - Derek Roy wins face-off versus Cory Conacher in Flames zone.
7:23 of 1st period - Jochen Hecht is hit by Toni Lydman and loses puck.
7:53 of 1st period - Shot by Pierre-Marc Bouchard.
7:53 of 1st period - Stopped by Kari Lehtonen without a rebound.
7:54 of 1st period - Jakub Voracek wins face-off versus Ryan Kesler in Oilers zone.
8:01 of 1st period - Michael Ryder is hit by David Backes and loses puck.
8:22 of 1st period - Shot by Michael Grabner.
8:22 of 1st period - Stopped by Kari Lehtonen without a rebound.
8:23 of 1st period - Derek Roy wins face-off versus Shawn Horcoff in Oilers zone.
8:29 of 1st period - Minor Penalty to Chris Phillips for Hooking.
8:30 of 1st period - David Backes wins face-off versus Anze Kopitar in Oilers zone.
8:30 of 1st period - David Backes is hit by Dustin Brown.
8:46 of 1st period - Shot by Anze Kopitar.
8:46 of 1st period - Shot Misses the Net.
8:48 of 1st period - Shot by Jack Johnson.
8:48 of 1st period - Shot Blocked by Scott Hannan.
8:54 of 1st period - Shot by Jeff Skinner.
8:54 of 1st period - Deflect By Dustin Brown.
8:54 of 1st period - Shot Misses the Net.
9:14 of 1st period - Off-side.
9:15 of 1st period - David Backes wins face-off versus Ryan Kesler in neutral zone.
10:18 of 1st period - Shot by Dustin Brown.
10:18 of 1st period - Stopped by Kari Lehtonen without a rebound.
10:19 of 1st period - Anze Kopitar wins face-off versus David Backes in Oilers zone.
10:48 of 1st period - Shot by Shawn Horcoff.
10:48 of 1st period - Stopped by Kari Lehtonen without a rebound.
10:49 of 1st period - Dustin Jeffrey wins face-off versus Cory Conacher in Oilers zone.
10:55 of 1st period - Erik Gustafsson is hit by Tomas Kopecky and loses puck.
11:27 of 1st period - Tomas Kopecky is hit by Jeff Schultz and loses puck.
11:51 of 1st period - Jack Johnson is hit by Chris Phillips.
12:14 of 1st period - Off-side.
12:15 of 1st period - Derek Roy wins face-off versus Ryan Kesler in neutral zone.
12:23 of 1st period - Shot by Justin Schultz.
12:23 of 1st period - Stopped by Jonathan Quick with a rebound.
12:25 of 1st period - Shot by Ruslan Fedotenko.
12:25 of 1st period - Goal by Ruslan Fedotenko - Oilers : 1 - Flames : 0.
12:26 of 1st period - Michael Grabner wins face-off versus Brian Flynn in neutral zone.
12:36 of 1st period - Shot by Michael Grabner.
12:36 of 1st period - Stopped by Kari Lehtonen without a rebound.
12:37 of 1st period - David Backes wins face-off versus Anze Kopitar in Oilers zone.
13:13 of 1st period - Icing by Scott Hannan.
13:14 of 1st period - Shawn Horcoff wins face-off versus David Backes in Oilers zone.
13:22 of 1st period - Icing by Jakub Voracek.
13:23 of 1st period - Ryan Kesler wins face-off versus Maxime Talbot in Oilers zone.
14:25 of 1st period - Shot by Derek Roy.
14:25 of 1st period - Stopped by Jonathan Quick without a rebound.
14:26 of 1st period - Shawn Horcoff wins face-off versus Colin McDonald in Flames zone.
14:28 of 1st period - Icing by Tomas Kopecky.
14:29 of 1st period - Shawn Horcoff wins face-off versus Drew Miller in Flames zone.
15:00 of 1st period - Shot by Mike Cammalleri.
15:00 of 1st period - Goal by Mike Cammalleri - Oilers : 1 - Flames : 1.
15:01 of 1st period - Anze Kopitar wins face-off versus David Backes in neutral zone.
15:10 of 1st period - Shot by Dustin Brown.
15:10 of 1st period - Stopped by Kari Lehtonen without a rebound.
15:11 of 1st period - Anze Kopitar wins face-off versus Derek Roy in Oilers zone.
16:03 of 1st period - Icing by Jochen Hecht.
16:04 of 1st period - Ryan Kesler wins face-off versus Derek Roy in Oilers zone.
16:41 of 1st period - Shot by Ladislav Smid.
16:41 of 1st period - Stopped by Kari Lehtonen without a rebound.
16:42 of 1st period - Shawn Horcoff wins face-off versus Brian Flynn in Oilers zone.
17:08 of 1st period - Shot by Jeff Schultz.
17:08 of 1st period - Shot Blocked by Andrew MacDonald.
17:27 of 1st period - Shawn Horcoff is hit by Colin McDonald and loses puck.
17:39 of 1st period - Icing by Bryce Salvador.
17:40 of 1st period - David Backes wins face-off versus Shawn Horcoff in Flames zone.
17:54 of 1st period - Shot by Jakub Voracek.
17:54 of 1st period - Stopped by Jonathan Quick without a rebound.
17:55 of 1st period - Dustin Jeffrey wins face-off versus Anze Kopitar in Flames zone.
18:14 of 1st period - Shot by Dustin Jeffrey.
18:14 of 1st period - Shot Misses the Net.
19:01 of 1st period - Shot by Erik Johnson.
19:01 of 1st period - Shot Misses the Net.
19:03 of 1st period - Shot by Erik Johnson.
19:03 of 1st period - Shot Blocked by Sheldon Souray.
19:05 of 1st period - Shot by Ryan Kesler.
19:05 of 1st period - Stopped by Kari Lehtonen without a rebound.
19:06 of 1st period - Derek Roy wins face-off versus Cory Conacher in Oilers zone.
19:06 of 1st period - Derek Roy is hit by Tomas Kopecky.
19:22 of 1st period - Shot by Derek Roy.
19:22 of 1st period - Shot Misses the Net.
19:33 of 1st period - Derek Roy is hit by Jack Johnson and loses puck.

2nd period


0:01 of 2nd period - Anze Kopitar wins face-off versus David Backes in neutral zone.
0:18 of 2nd period - Shot by David Backes.
0:18 of 2nd period - Shot Blocked by Andrew MacDonald.
1:25 of 2nd period - Off-side.
1:26 of 2nd period - Ryan Kesler wins face-off versus Brian Flynn in neutral zone.
1:35 of 2nd period - Shot by Ryan Kesler.
1:35 of 2nd period - Stopped by Kari Lehtonen without a rebound.
1:36 of 2nd period - Derek Roy wins face-off versus Tomas Kopecky in Oilers zone.
1:41 of 2nd period - Erik Johnson is hit by Derek Roy.
3:09 of 2nd period - Shot by Michael Grabner.
3:09 of 2nd period - Stopped by Kari Lehtonen without a rebound.
3:10 of 2nd period - Anze Kopitar wins face-off versus David Backes in Oilers zone.
3:10 of 2nd period - Minor Penalty to Sheldon Souray for Hooking.
3:11 of 2nd period - David Backes wins face-off versus Anze Kopitar in Oilers zone.
3:52 of 2nd period - Shot by Dustin Brown.
3:52 of 2nd period - Stopped by Kari Lehtonen without a rebound.
3:53 of 2nd period - Ryan Kesler wins face-off versus David Backes in Oilers zone.
4:27 of 2nd period - David Backes is hit by Ryan Kesler and loses puck.
5:03 of 2nd period - Shot by Andrew MacDonald.
5:03 of 2nd period - Shot Misses the Net.
5:05 of 2nd period - Shot by Jeff Skinner.
5:05 of 2nd period - Deflect By Dustin Brown.
5:05 of 2nd period - Shot Misses the Net.
5:07 of 2nd period - Shot by Andrew MacDonald.
5:07 of 2nd period - Shot Misses the Net.
5:09 of 2nd period - Shot by Jeff Skinner.
5:09 of 2nd period - Stopped by Kari Lehtonen with a rebound.
5:16 of 2nd period - Icing by Ruslan Fedotenko.
5:17 of 2nd period - Derek Roy wins face-off versus Shawn Horcoff in Oilers zone.
5:17 of 2nd period - Ruslan Fedotenko is hit by Shawn Horcoff and loses puck.
5:31 of 2nd period - Minor Penalty to Bryce Salvador for Hooking.
5:32 of 2nd period - Shawn Horcoff wins face-off versus Derek Roy in Flames zone.
5:32 of 2nd period - Shawn Horcoff is hit by Ruslan Fedotenko.
6:52 of 2nd period - Shot by Jakub Voracek.
6:52 of 2nd period - Stopped by Jonathan Quick without a rebound.
6:53 of 2nd period - Derek Roy wins face-off versus Mike Cammalleri in Flames zone.
7:00 of 2nd period - Shot by Sheldon Souray.
7:00 of 2nd period - Shot Misses the Net.
7:04 of 2nd period - Shot by Derek Roy.
7:04 of 2nd period - Shot Misses the Net.
7:06 of 2nd period - Shot by Sheldon Souray.
7:06 of 2nd period - Stopped by Jonathan Quick without a rebound.
7:07 of 2nd period - David Backes wins face-off versus Shawn Horcoff in Flames zone.
7:22 of 2nd period - Shot by Jakub Voracek.
7:22 of 2nd period - Shot Blocked by Erik Johnson.
7:32 of 2nd period - Shot by Jakub Voracek.
7:32 of 2nd period - Stopped by Jonathan Quick without a rebound.
7:33 of 2nd period - Brian Flynn wins face-off versus Anze Kopitar in Flames zone.
7:51 of 2nd period - Minor Penalty to Colin McDonald for Hooking.
7:52 of 2nd period - Ryan Kesler wins face-off versus David Backes in Oilers zone.
8:31 of 2nd period - Maxime Talbot is hit by Ryan Kesler and loses puck.
8:58 of 2nd period - Shot by Dustin Brown.
8:58 of 2nd period - Shot Misses the Net.
9:10 of 2nd period - Shot by Jeff Skinner.
9:10 of 2nd period - Stopped by Kari Lehtonen without a rebound.
9:11 of 2nd period - David Backes wins face-off versus Jeff Skinner in Oilers zone.
9:29 of 2nd period - Anze Kopitar is hit by Scott Hannan.
9:31 of 2nd period - Shot by Erik Johnson.
9:31 of 2nd period - Shot Blocked by Scott Hannan.
10:00 of 2nd period - Minor Penalty to Sheldon Souray for High sticking.
10:01 of 2nd period - Ryan Kesler wins face-off versus David Backes in Oilers zone.
10:14 of 2nd period - Shot by Andrew MacDonald.
10:14 of 2nd period - Shot Blocked by Chris Phillips.
11:03 of 2nd period - Shot by Anze Kopitar.
11:03 of 2nd period - Stopped by Kari Lehtonen without a rebound.
11:04 of 2nd period - Anze Kopitar wins face-off versus David Backes in Oilers zone.
12:11 of 2nd period - Icing by Sheldon Souray.
12:12 of 2nd period - Dustin Jeffrey wins face-off versus Cory Conacher in Oilers zone.
12:37 of 2nd period - Shot by Dustin Jeffrey.
12:37 of 2nd period - Shot Misses the Net.
12:39 of 2nd period - Shot by Sheldon Souray.
12:39 of 2nd period - Shot Blocked by Ladislav Smid.
12:56 of 2nd period - Icing by Ladislav Smid.
12:57 of 2nd period - Derek Roy wins face-off versus Cory Conacher in Flames zone.
14:02 of 2nd period - Dustin Brown is hit by Jeff Schultz and loses puck.
14:06 of 2nd period - Dustin Brown is hit by Jeff Schultz and loses puck.
14:22 of 2nd period - Icing by Jeff Schultz.
14:23 of 2nd period - Ryan Kesler wins face-off versus David Backes in Oilers zone.
14:23 of 2nd period - Ryan Kesler is hit by Jeff Schultz.
14:32 of 2nd period - Icing by Erik Gustafsson.
14:33 of 2nd period - Ryan Kesler wins face-off versus David Backes in Oilers zone.
14:38 of 2nd period - Shot by Michael Ryder.
14:38 of 2nd period - Stopped by Kari Lehtonen without a rebound.
14:39 of 2nd period - Ryan Kesler wins face-off versus Brian Flynn in Oilers zone.
14:43 of 2nd period - Ryan Kesler is hit by Sheldon Souray.
14:56 of 2nd period - Minor Penalty to Ryan Kesler for High sticking.
14:57 of 2nd period - Jakub Voracek wins face-off versus Shawn Horcoff in Flames zone.
14:58 of 2nd period - Shot by Chris Phillips.
14:58 of 2nd period - Stopped by Jonathan Quick with a rebound.
15:28 of 2nd period - Shot by Jakub Voracek.
15:28 of 2nd period - Stopped by Jonathan Quick without a rebound.
15:29 of 2nd period - Shawn Horcoff wins face-off versus Derek Roy in Flames zone.
15:45 of 2nd period - Shot by Derek Roy.
15:45 of 2nd period - Shot Misses the Net.
15:57 of 2nd period - Shot by Justin Schultz.
15:57 of 2nd period - Shot Misses the Net.
15:59 of 2nd period - Shot by Sheldon Souray.
15:59 of 2nd period - Shot Misses the Net.
16:01 of 2nd period - Shot by Jochen Hecht.
16:01 of 2nd period - Shot Misses the Net.
16:03 of 2nd period - Shot by Jochen Hecht.
16:03 of 2nd period - Deflect By Derek Roy.
16:03 of 2nd period - Shot Misses the Net.
16:05 of 2nd period - Shot by Sheldon Souray.
16:05 of 2nd period - Deflect By Derek Roy.
16:05 of 2nd period - Stopped by Jonathan Quick without a rebound.
16:06 of 2nd period - Mike Cammalleri wins face-off versus David Backes in Flames zone.
16:58 of 2nd period - Shot by Jakub Voracek.
16:58 of 2nd period - Shot Misses the Net.
17:06 of 2nd period - Shot by Michael Ryder.
17:06 of 2nd period - Deflect By Michael Grabner.
17:06 of 2nd period - Shot Blocked by Sheldon Souray.
17:25 of 2nd period - Icing by Michael Ryder.
17:26 of 2nd period - Ryan Kesler wins face-off versus Derek Roy in Flames zone.
17:33 of 2nd period - Scott Hannan is hit by Ryan Kesler and loses puck.
18:18 of 2nd period - Icing by Sheldon Souray.
18:19 of 2nd period - Dustin Jeffrey wins face-off versus Anze Kopitar in Oilers zone.
19:12 of 2nd period - Andrew MacDonald is hit by Sheldon Souray.
19:38 of 2nd period - Shot by Shawn Horcoff.
19:38 of 2nd period - Shot Blocked by Jeff Schultz.
19:42 of 2nd period - Shot by Mike Cammalleri.
19:42 of 2nd period - Deflect By Shawn Horcoff.
19:42 of 2nd period - Shot Blocked by Erik Gustafsson.
19:44 of 2nd period - Shot by Mike Cammalleri.
19:44 of 2nd period - Stopped by Kari Lehtonen without a rebound.
19:45 of 2nd period - Derek Roy wins face-off versus Cory Conacher in Oilers zone.
19:53 of 2nd period - Shot by Jochen Hecht.
19:53 of 2nd period - Shot Misses the Net.
19:56 of 2nd period - Minor Penalty to Jack Johnson for Slashing.
19:57 of 2nd period - David Backes wins face-off versus Shawn Horcoff in Flames zone.

3rd period


0:01 of 3rd period - David Backes wins face-off versus Shawn Horcoff in neutral zone.
0:03 of 3rd period - Sheldon Souray is hit by Bryce Salvador.
0:05 of 3rd period - Shot by Jakub Voracek.
0:05 of 3rd period - Shot Misses the Net.
0:07 of 3rd period - Shot by David Backes.
0:07 of 3rd period - Shot Hit the Post.
0:20 of 3rd period - Shot by Jakub Voracek.
0:20 of 3rd period - Stopped by Jonathan Quick with a rebound.
0:22 of 3rd period - Shot by David Backes.
0:22 of 3rd period - Shot Blocked by Bryce Salvador.
0:24 of 3rd period - Shot by Sheldon Souray.
0:24 of 3rd period - Shot Misses the Net.
0:26 of 3rd period - Shot by David Backes.
0:26 of 3rd period - Stopped by Jonathan Quick with a rebound.
0:32 of 3rd period - Shot by Justin Schultz.
0:32 of 3rd period - Shot Hit the Post.
0:34 of 3rd period - Shot by Sheldon Souray.
0:34 of 3rd period - Stopped by Jonathan Quick without a rebound.
0:35 of 3rd period - Shawn Horcoff wins face-off versus Derek Roy in Flames zone.
0:54 of 3rd period - Shot by Erik Gustafsson.
0:54 of 3rd period - Stopped by Jonathan Quick with a rebound.
1:01 of 3rd period - Icing by Jochen Hecht.
1:02 of 3rd period - Derek Roy wins face-off versus Shawn Horcoff in Oilers zone.
1:43 of 3rd period - Mike Cammalleri is hit by David Backes.
1:47 of 3rd period - Shot by David Backes.
1:47 of 3rd period - Goal by David Backes - Oilers : 2 - Flames : 1.
1:48 of 3rd period - Brian Flynn wins face-off versus Ryan Kesler in neutral zone.
2:02 of 3rd period - Shot by Brian Flynn.
2:02 of 3rd period - Stopped by Jonathan Quick with a rebound.
3:05 of 3rd period - Shot by Anze Kopitar.
3:05 of 3rd period - Shot Blocked by Scott Hannan.
4:12 of 3rd period - Minor Penalty to Ruslan Fedotenko for Interference.
4:13 of 3rd period - Drew Miller wins face-off versus Ryan Kesler in Oilers zone.
4:24 of 3rd period - Shot by Erik Johnson.
4:24 of 3rd period - Stopped by Kari Lehtonen without a rebound.
4:25 of 3rd period - Anze Kopitar wins face-off versus David Backes in Oilers zone.
5:27 of 3rd period - Shot by Michael Grabner.
5:27 of 3rd period - Stopped by Kari Lehtonen without a rebound.
5:28 of 3rd period - David Backes wins face-off versus Ryan Kesler in Oilers zone.
6:01 of 3rd period - Shot by Erik Johnson.
6:01 of 3rd period - Shot Blocked by Scott Hannan.
6:03 of 3rd period - Shot by Jack Johnson.
6:03 of 3rd period - Stopped by Kari Lehtonen without a rebound.
6:04 of 3rd period - David Backes wins face-off versus Anze Kopitar in Oilers zone.
6:04 of 3rd period - David Backes is hit by Dustin Brown.
6:38 of 3rd period - Shot by Mike Cammalleri.
6:38 of 3rd period - Stopped by Kari Lehtonen without a rebound.
6:39 of 3rd period - Anze Kopitar wins face-off versus Derek Roy in Oilers zone.
6:45 of 3rd period - Jochen Hecht is hit by Andrew MacDonald and loses puck.
7:07 of 3rd period - Andrew MacDonald and Derek Roy fight to a draw.
7:07 of 3rd period - Penalty to Andrew MacDonald for Fighting.
7:07 of 3rd period - Penalty to Derek Roy for Fighting.
7:08 of 3rd period - Ryan Kesler wins face-off versus David Backes in neutral zone.
7:16 of 3rd period - Michael Grabner is hit by Chris Phillips and loses puck.
7:37 of 3rd period - Shot by Michael Ryder.
7:37 of 3rd period - Stopped by Kari Lehtonen without a rebound.
7:38 of 3rd period - Brian Flynn wins face-off versus Anze Kopitar in Oilers zone.
8:07 of 3rd period - Ruslan Fedotenko is hit by Dustin Brown and loses puck.
8:56 of 3rd period - Shot by Ryan Kesler.
8:56 of 3rd period - Deflect By Michael Ryder.
8:56 of 3rd period - Shot Misses the Net.
8:58 of 3rd period - Shot by Ryan Kesler.
8:58 of 3rd period - Stopped by Kari Lehtonen with a rebound.
9:20 of 3rd period - Sheldon Souray is hit by Ladislav Smid and loses puck.
9:37 of 3rd period - Shot by Mike Cammalleri.
9:37 of 3rd period - Shot Misses the Net.
10:40 of 3rd period - Shot by Dustin Brown.
10:40 of 3rd period - Shot Hit the Post.
10:42 of 3rd period - Shot by Jeff Skinner.
10:42 of 3rd period - Stopped by Kari Lehtonen with a rebound.
10:44 of 3rd period - Shot by Bryce Salvador.
10:44 of 3rd period - Stopped by Kari Lehtonen without a rebound.
10:45 of 3rd period - Ryan Kesler wins face-off versus Dustin Jeffrey in Oilers zone.
10:58 of 3rd period - Shot by Michael Ryder.
10:58 of 3rd period - Goal by Michael Ryder - Oilers : 2 - Flames : 2.
10:59 of 3rd period - Anze Kopitar wins face-off versus Daniel Bang in neutral zone.
11:02 of 3rd period - Shot by Jeff Skinner.
11:02 of 3rd period - Shot Misses the Net.
11:04 of 3rd period - Shot by Bryce Salvador.
11:04 of 3rd period - Shot Misses the Net.
11:16 of 3rd period - Shot by Jeff Skinner.
11:16 of 3rd period - Stopped by Kari Lehtonen with a rebound.
11:22 of 3rd period - Shot by Anze Kopitar.
11:22 of 3rd period - Shot Misses the Net.
11:24 of 3rd period - Shot by Anze Kopitar.
11:24 of 3rd period - Shot Blocked by Erik Gustafsson.
12:35 of 3rd period - Jack Johnson is hit by Ruslan Fedotenko.
12:46 of 3rd period - Minor Penalty to Jack Johnson for Holding Stick.
12:47 of 3rd period - David Backes wins face-off versus Shawn Horcoff in Flames zone.
13:18 of 3rd period - Shot by Chris Phillips.
13:18 of 3rd period - Shot Misses the Net.
13:57 of 3rd period - Dustin Brown is hit by David Backes and loses puck.
14:18 of 3rd period - Shot by Sheldon Souray.
14:18 of 3rd period - Shot Blocked by Andrew MacDonald.
14:20 of 3rd period - Shot by Sheldon Souray.
14:20 of 3rd period - Stopped by Jonathan Quick with a rebound.
14:22 of 3rd period - Shot by Sheldon Souray.
14:22 of 3rd period - Stopped by Jonathan Quick without a rebound.
14:23 of 3rd period - Derek Roy wins face-off versus Shawn Horcoff in Flames zone.
14:32 of 3rd period - Shot by Derek Roy.
14:32 of 3rd period - Shot Misses the Net.
14:34 of 3rd period - Shot by Sheldon Souray.
14:34 of 3rd period - Shot Misses the Net.
14:36 of 3rd period - Shot by Derek Roy.
14:36 of 3rd period - Shot Misses the Net.
14:38 of 3rd period - Shot by Justin Schultz.
14:38 of 3rd period - Shot Misses the Net.
14:40 of 3rd period - Shot by Jochen Hecht.
14:40 of 3rd period - Shot Misses the Net.
15:04 of 3rd period - Shot by Jeff Skinner.
15:04 of 3rd period - Shot Misses the Net.
15:06 of 3rd period - Shot by Dustin Brown.
15:06 of 3rd period - Shot Misses the Net.
15:08 of 3rd period - Shot by Anze Kopitar.
15:08 of 3rd period - Stopped by Kari Lehtonen without a rebound.
15:09 of 3rd period - Dustin Jeffrey wins face-off versus Ryan Kesler in Oilers zone.
15:09 of 3rd period - Dustin Jeffrey is hit by Ryan Kesler.
15:20 of 3rd period - Off-side.
15:21 of 3rd period - Jochen Hecht wins face-off versus Anze Kopitar in neutral zone.
16:08 of 3rd period - Off-side.
16:09 of 3rd period - David Backes wins face-off versus Ryan Kesler in neutral zone.
16:44 of 3rd period - Shot by Jakub Voracek.
16:44 of 3rd period - Shot Blocked by Bryce Salvador.
16:46 of 3rd period - Shot by David Backes.
16:46 of 3rd period - Stopped by Jonathan Quick without a rebound.
16:47 of 3rd period - Brian Flynn wins face-off versus Shawn Horcoff in Flames zone.
16:53 of 3rd period - Minor Penalty to Jack Johnson for Roughing.
16:53 of 3rd period - Minor Penalty to Colin McDonald for Holding.
16:54 of 3rd period - David Backes wins face-off versus Anze Kopitar in Flames zone.
17:07 of 3rd period - Shot by Jakub Voracek.
17:07 of 3rd period - Shot Misses the Net.
17:23 of 3rd period - Shot by Jakub Voracek.
17:23 of 3rd period - Deflect By David Backes.
17:23 of 3rd period - Shot Misses the Net.
17:54 of 3rd period - Derek Roy is hit by Andrew MacDonald and loses puck.
18:05 of 3rd period - Shot by Ryan Kesler.
18:05 of 3rd period - Stopped by Kari Lehtonen without a rebound.
18:06 of 3rd period - Anze Kopitar wins face-off versus David Backes in Oilers zone.
19:10 of 3rd period - Icing by Erik Gustafsson.
19:11 of 3rd period - Drew Miller wins face-off versus Ryan Kesler in Oilers zone.

Overtime #1


0:01 of 1st overtime period - Anze Kopitar wins face-off versus David Backes in neutral zone.
0:12 of 1st overtime period - Shot by Dustin Brown.
0:12 of 1st overtime period - Shot Misses the Net.
0:18 of 1st overtime period - Shot by Dustin Brown.
0:18 of 1st overtime period - Stopped by Kari Lehtonen without a rebound.
0:19 of 1st overtime period - David Backes wins face-off versus Anze Kopitar in Oilers zone.
0:28 of 1st overtime period - Erik Johnson is hit by David Backes and loses puck.
1:16 of 1st overtime period - Off-side.
1:17 of 1st overtime period - Anze Kopitar wins face-off versus Derek Roy in neutral zone.
1:17 of 1st overtime period - Anze Kopitar is hit by Maxime Talbot.
1:30 of 1st overtime period - Icing by Anze Kopitar.
1:31 of 1st overtime period - David Backes wins face-off versus Anze Kopitar in Flames zone.
1:54 of 1st overtime period - Shot by Jakub Voracek.
1:54 of 1st overtime period - Shot Blocked by Andrew MacDonald.
2:05 of 1st overtime period - Icing by Sheldon Souray.
2:06 of 1st overtime period - Ryan Kesler wins face-off versus David Backes in Oilers zone.
2:25 of 1st overtime period - Shot by Ryan Kesler.
2:25 of 1st overtime period - Stopped by Kari Lehtonen without a rebound.
2:26 of 1st overtime period - Derek Roy wins face-off versus Anze Kopitar in Oilers zone.
2:39 of 1st overtime period - Shot by Andrew MacDonald.
2:39 of 1st overtime period - Shot Misses the Net.
2:51 of 1st overtime period - Shot by Dustin Brown.
2:51 of 1st overtime period - Shot Misses the Net.
3:16 of 1st overtime period - Erik Johnson is hit by Jeff Schultz and loses puck.
3:28 of 1st overtime period - Icing by Maxime Talbot.
3:29 of 1st overtime period - Derek Roy wins face-off versus Ryan Kesler in Oilers zone.
4:58 of 1st overtime period - Sheldon Souray is hit by Ryan Kesler and loses puck.

ShootOut


5:00 of 1st overtime period - Penalty Shot by David Backes for Oilers.
5:00 of 1st overtime period - Shot Misses the Net.
5:00 of 1st overtime period - Penalty Shot by Dustin Brown for Flames.
5:00 of 1st overtime period - Stopped by Kari Lehtonen.
5:00 of 1st overtime period - Penalty Shot by Jakub Voracek for Oilers.
5:00 of 1st overtime period - Goal by Jakub Voracek.
5:00 of 1st overtime period - Penalty Shot by Michael Ryder for Flames.
5:00 of 1st overtime period - Goal by Michael Ryder.
5:00 of 1st overtime period - Penalty Shot by Derek Roy for Oilers.
5:00 of 1st overtime period - Stopped by Jonathan Quick.
5:00 of 1st overtime period - Penalty Shot by Michael Grabner for Flames.
5:00 of 1st overtime period - Goal by Michael Grabner.


Output by the SimonT Hockey Simulator (STHS) for Stephane Roy -- Original Page W3C XHTML 1.0 Valid
Hockey Simulator - Hockey Simulation - Hockey Manager